 Dungeon Sprint DCSS version 0.22-a0-110-g5b255cf (webtiles) character file.

29 Kidiri the Skirmisher (level 3, -3/30 HPs)
             Began as a Demonspawn Monk on Jan 28, 2018.
             Was a Priest of Wu Jian.
             Slain by an ice beast (4 damage)
             ... in the Dungeon (Sprint VII: "The Pits").
             The game lasted 00:03:08 (385 turns).

Kidiri the Skirmisher (Demonspawn Monk)              Turns: 385, Time: 00:03:10

Health: -3/30      AC:  2    Str: 12    XL:     3   Next: 1%
Magic:  3/3        EV: 14    Int: 11    God:    Wu Jian [***...]
Gold:   0          SH:  0    Dex: 15    Spells: 2/2 levels left

rFire    . . .     SeeInvis .     - Unarmed
rCold    . . .     Gourm    .   (no shield)
rNeg     . . .     Faith    .   a - +0 robe
rPois    .         Spirit   .   (no helmet)
rElec    .         Reflect  .   (no cloak)
rCorr    .         Harm     .   (no gloves)
MR       .....     NoTele   +   (no boots)
Stlth    ++........             (no amulet)
HPRegen  0.10/turn              (no ring)
MPRegen  0.08/turn              (no ring)

@: no status effects
A: sturdy frame 1
a: Wall Jump, Serpent's Lash, Renounce Religion


You were in the Dungeon.
You worshipped Wu Jian.
Wu Jian was most pleased with you.
You were not hungry.

You visited 1 branch

Inventory:

Armour
 a - a +0 robe (worn)
Scrolls
 h - a scroll of blinking
 k - 3 scrolls of remove curse
 l - 5 scrolls of amnesia
 m - a scroll of summoning
Potions
 d - a potion of heal wounds
 e - a potion of haste
 f - 4 potions of magic
 g - 3 potions of berserk rage
 j - 2 potions of invisibility
Comestibles
 b - 9 rations
 i - 8 chunks of flesh


   Skills:
 * Level 4.1 Fighting
 + Level 1.4 Armour
 * Level 3.6 Dodging
 * Level 3.2 Stealth
 * Level 3.7 Unarmed Combat


You had 2 spell levels left.
You didn't know any spells.

Dungeon Overview and Level Annotations

Branches:
Dungeon (1/1)

Altars:
Ashenzari
Cheibriados
Dithmenos
Elyvilon
Fedhas
Gozag
Hepliaklqana
Kikubaaqudgha
Makhleb
Nemelex Xobeh
Okawaru
Qazlal
Ru
Sif Muna
Trog
Uskayaw
Vehumet
Wu Jian
Xom
Yredelemnul
Zin
The Shining One
Beogh
Jiyva
Lugonu

Annotations:
D exclusions: 6 doors and 6 more exclusions


Innate Abilities, Weirdness & Mutations

Your movements are slightly less encumbered by armour. (ER -2)


Message History

Press: ? - help, Dir - move target cursor You repeatedly attack the adder skeleton from above.
You hit the adder skeleton but do no damage.
You hit the adder skeleton.
The adder skeleton is moderately damaged.
You repeatedly attack the ice beast from above.
You barely miss the ice beast.
The ice beast is lightly wounded.
You hit the ice beast but do no damage.
The ice beast is lightly wounded.
You barely miss the ice beast.
The ice beast is lightly wounded.
The adder skeleton bites you.
* * * LOW HITPOINT WARNING * * *
The ice beast hits you.
* * * LOW HITPOINT WARNING * * *
The ice beast freezes you!
* * * LOW HITPOINT WARNING * * *
The adder skeleton barely misses you. The ice beast hits you.
You die...

#.........÷.'.........
+#####'#####......#..
#..)..# #.........
#.....# ####+#####
###÷### #.......#
#.....# #.......#
#.....# #.......#
####§##+###...<...#
#.Z@§....##.......#
#.Y§§....##.......#
###########.......#
#########


You could see an ice beast (pinned) and an adder skeleton.

Vanquished Creatures
  2 gnolls (D)
  An orc (D)
  A ball python (D)
  2 giant cockroaches (D)
  2 jackals (D)
8 creatures vanquished.

Vanquished Creatures (others)
  A pandemonium lord (D)
  A stone giant (D)
2 creatures vanquished.

Grand Total: 10 creatures vanquished

Notes
Turn   | Place    | Note
-------+----------+-------------------------------------------
     0 | D        | Kidiri the Demonspawn Monk began the quest for the Orb.
     0 | D        | Reached XP level 1. HP: 18/18 MP: 1/1
    23 | D        | Killed a stone giant
    63 | D        | Found a bloodstained altar of Trog.
    63 | D        | Found a deep blue altar of Sif Muna.
    63 | D        | Found a viscous altar of Jiyva.
    63 | D        | Found a hazy altar of Hepliaklqana.
    63 | D        | Found an opulent altar of Gozag.
    64 | D        | Found a glowing golden altar of the Shining One.
    64 | D        | Found a glowing silver altar of Zin.
    64 | D        | Found a basalt altar of Yredelemnul.
    64 | D        | Found a shimmering altar of Xom.
    64 | D        | Found an ornate altar of the Wu Jian Council.
    64 | D        | Found a sacrificial altar of Ru.
    64 | D        | Found a stormy altar of Qazlal.
    64 | D        | Found an iron altar of Okawaru.
    64 | D        | Found a sparkling altar of Nemelex Xobeh.
    64 | D        | Found a burning altar of Makhleb.
    64 | D        | Found a blossoming altar of Fedhas.
    64 | D        | Found a white marble altar of Elyvilon.
    64 | D        | Found a shadowy altar of Dithmenos.
    64 | D        | Found a snail-covered altar of Cheibriados.
    66 | D        | Found a radiant altar of Vehumet.
    66 | D        | Found a corrupted altar of Lugonu.
    66 | D        | Found a roughly hewn altar of Beogh.
    67 | D        | Found a hide-covered altar of Uskayaw.
    67 | D        | Found an ancient bone altar of Kikubaaqudgha.
    67 | D        | Found a shattered altar of Ashenzari.
    75 | D        | Became a worshipper of the Wu Jian Council
    75 | D        | Reached * piety under Wu Jian
    75 | D        | Reached ** piety under Wu Jian
   183 | D        | Reached *** piety under Wu Jian
   197 | D        | Reached skill level 1 in Armour
   197 | D        | Gained mutation: Your movements are slightly less encumbered by armour. (ER -2) [demonic ancestry]
   197 | D        | Reached XP level 2. HP: 11/25 MP: 2/2
   324 | D        | Killed Jeine the pandemonium lord
   374 | D        | Noticed an ice beast
   376 | D        | Reached skill level 4 in Fighting
   378 | D        | Reached XP level 3. HP: 30/30 MP: 3/3
   385 | D        | HP: 1/30 [ice beast (7)]
   385 | D        | Slain by an ice beast

Vault maps used:
D:        pitsprint

Skill      XL: |  1  2 |
---------------+-------+-----
Stealth        | 2 3 |  3.2
Unarmed Combat | 3 |  3.7
Dodging        | 3 |  3.6
Armour         | 1 |  1.4
Fighting       | 4 |  4.1

Action                   || total
-------------------------++-------
Melee: Unarmed           ||    61
Invok: Whirlwind         ||    33
       Wall Jump         ||     5
       Lunge             ||     4
 Abil: Wall Jump         ||     2
  Use: Potion            ||     1
 Stab: Sleeping          ||     1
Armor: Robe              ||     3
Dodge: Dodged            ||    41

Table legend:
 A = Spawn XP
 B = Non-spawn XP
 C = Spawn XP percentage of total XP
 D = Spawn monster count
 E = Non-spawn monster count
 F = Spawn count percentage of total count
 G = Total turns spent on level
                    A         B        C        D         E        F      G
               +---------+---------+-------+---------+---------+-------+---------
         Total |       0 |      42 |   0.0 |       0 |       8 |   0.0 |   385
               +---------+---------+-------+---------+---------+-------+---------
             D |       0 |      42 |   0.0 |       0 |       8 |   0.0 |   385
               +---------+---------+-------+---------+---------+-------+---------
